 Dungeon Crawl Stone Soup version 0.23.2 (webtiles) character file.

Game seed: 11556644855573496300

214 aelisj the Conjurer (level 5, -4/28 HPs)
             Began as a Deep Elf Conjurer on Apr 12, 2019.
             Shot with an arrow by a centaur (9 damage)
             ... on level 4 of the Dungeon.
             The game lasted 00:27:31 (4744 turns).

aelisj the Conjurer (Deep Elf Conjurer)             Turns: 4744, Time: 00:27:32

Health: -4/28      AC:  6    Str:  5    XL:     5   Next: 59%
Magic:  12/15      EV: 13    Int: 21    God:
Gold:   154        SH:  0    Dex: 15    Spells: 2/16 levels left

rFire    . . .     SeeInvis .   b - +0 short sword
rCold    . . .     Gourm    .   (no shield)
rNeg     . . .     Faith    .   a - +0 robe
rPois    .         Spirit   .   t - +0 helmet
rElec    .         Reflect  .   (no cloak)
rCorr    .         Harm     .   n - +2 pair of gloves
MR       .....                  (no boots)
Stlth    ++........             v - amulet of regeneration
HPRegen  0.49/turn              (no ring)
MPRegen  0.14/turn              (no ring)

@: no status effects
A: no striking features
a: no special abilities


You were on level 4 of the Dungeon.
You were not hungry.

You visited 1 branch of the dungeon, and saw 5 of its levels.

You collected 154 gold pieces.

Inventory:

Hand Weapons
 b - a +0 short sword (weapon)
 d - a +0 dagger
 p - a +0 long sword
Missiles
 u - 3 javelins (quivered)
Armour
 a - a +0 robe (worn)
 e - a +0 leather armour
 n - a +2 pair of gloves (worn)
 t - a +0 helmet (worn)
Jewellery
 v - an amulet of regeneration (around neck)
Scrolls
 f - 4 scrolls of amnesia {unknown}
 g - a scroll of teleportation {unknown}
 j - 7 scrolls of identify
 l - 4 scrolls of remove curse {unknown}
 m - 2 scrolls of immolation {unknown}
 o - a scroll of random uselessness {unknown}
 q - a scroll of fear {unknown}
 w - a scroll of fog {unknown}
Potions
 h - 2 potions of might
 i - 2 potions of agility
 k - a potion of brilliance {unknown}
 r - 3 potions of heal wounds {unknown}
 s - 4 potions of curing {unknown}
 x - a potion of berserk rage {unknown}
Comestibles
 c - 7 rations
 z - 2 chunks of flesh


   Skills:
 - Level 2.4 Dodging
 - Level 2.4 Stealth
 + Level 6.0 Spellcasting
 + Level 6.2 Conjurations


You had 2 spell levels left.
You knew the following spells:

 Your Spells              Type           Power        Failure   Level  Hunger
a - Magic Dart            Conj           ####         1%          1    None
b - Searing Ray           Conj           ####..       1%          2    None
c - Dazzling Spray        Conj/Hex       ###...       9%          3    ##.....
d - Iskenderun's Mystic   Conj           ####....     8%          4    ####...
e - Force Lance           Conj/Tloc      ###.....     26%         4    ####...

Your spell library contained the following spells:

 Spells                   Type           Power        Failure   Level  Hunger
 Fulminant Prism          Conj/Hex       ###.......   26%         4    ####...


Dungeon Overview and Level Annotations

Branches:
Dungeon (5/15)
 Temple: D:4-7

Altars:
Fedhas
Gozag
Hepliaklqana
Uskayaw

Annotations:
D:3 Grinder


Message History

You see here an iguana skeleton.
There is a stone staircase leading up here.
You start resting.
HP restored.
There is a stone staircase leading up here.
You climb upwards.
The centaur shoots an arrow.
The arrow misses you.
The centaur shoots an arrow.
The arrow hits you!
There is a stone staircase leading down, spattered with blood here.
You see here 3 arrows.
Casting: Magic Dart (safe; 1% risk of failure)
Confirm with . or Enter, or press ? or * to list all spells.
Aiming: Magic Dart (safe; 1% risk of failure)
Press: ? - help, Shift-Dir - straight line, f - centaur
Aim: a centaur, wielding a +0 shortbow The magic dart hits the centaur but does no damage.
The centaur shoots an arrow.
The arrow hits you!
Ouch! That really hurt!
* * * LOW HITPOINT WARNING * * *
The centaur shoots an arrow.
The arrow hits you!
You die...

.. . #...##.##...######.......
.###### #..###.#............<....
.#...####......#.###########...##
..........######[# #...#
...............#(### #...#
...................# #...#
..........####.#.#.# #...#
.#.###....# #.#.#.# #...# ##.#
#....# #.#@#.# #...# ##.# #...>#
#.#.#.#########...# ##.# #....#
#.#.#.#.........### ##.# #....#
#.#c#.#.........# ##.# #....#
#.#...(.........# ##.########
#.###.#c######### .......#
#.....#.#
###....##########..#(########
.............. #...#.c..c....


You could see a centaur.

Vanquished Creatures
  An iguana (D:5)
  A worker ant (D:4)
  Robin (D:3)
  A gnoll (D:1)
  3 adders
  A worm (D:3)
  A dart slug (D:1)
  4 leopard geckos
  7 bats
  7 giant cockroaches
  18 goblins
  9 hobgoblins
  15 jackals
  2 quokkas
  3 ball pythons
  5 frilled lizards
  7 kobolds
  11 rats
97 creatures vanquished.

Notes
Turn   | Place    | Note
-------+----------+-------------------------------------------
     0 | D:1      | aelisj the Deep Elf Conjurer began the quest for the Orb.
     0 | D:1      | Reached XP level 1. HP: 10/10 MP: 6/6
   160 | D:1      | Reached XP level 2. HP: 15/15 MP: 2/8
   640 | D:1      | Reached XP level 3. HP: 19/19 MP: 8/10
   692 | D:1      | Reached skill level 5 in Conjurations
  1728 | D:2      | Found a blossoming altar of Fedhas.
  1835 | D:2      | Reached XP level 4. HP: 24/24 MP: 10/12
  2708 | D:3      | Reached skill level 5 in Spellcasting
  2793 | D:3      | Learned a level 2 spell: Searing Ray
  2797 | D:3      | Learned a level 3 spell: Dazzling Spray
  2802 | D:3      | Learned a level 4 spell: Iskenderun's Mystic Blast
  3229 | D:3      | Noticed Robin
  3238 | D:3      | Killed Robin
  3238 | D:3      | Reached XP level 5. HP: 20/28 MP: 4/14
  3355 | D:3      | Learned a level 4 spell: Force Lance
  3756 | D:3      | Found a hazy altar of Hepliaklqana.
  3779 | D:3      | Noticed Grinder
  4239 | D:4      | Found an opulent altar of Gozag.
  4348 | D:4      | Found a hide-covered altar of Uskayaw.
  4655 | D:4      | Noticed a centaur
  4669 | D:5      | Entered Level 5 of the Dungeon
  4744 | D:4      | Shot with an arrow by a centaur

Skill      XL: |  1  2  3  4  5 |
---------------+----------------+-----
Spellcasting   | 4 5 6 |  6.0
Conjurations   | 5 6 |  6.2
Dodging        | |  2.4
Stealth        | |  2.4

Action                   |  1- 3 |  4- 6 || total
-------------------------+-------+-------++-------
Melee: Unarmed           |     1 |       ||     1
       Short sword       |       |     4 ||     4
 Cast: Magic Dart        |    79 |   119 ||   198
       Searing Ray       |       |     1 ||     1
  Use: Scroll            |       |     3 ||     3
  Eat: Chunk             |     3 |     7 ||    10
       Ration            |       |     1 ||     1
Armor: Robe              |     6 |     7 ||    13
Dodge: Dodged            |    13 |    35 ||    48
